 Dungeon Crawl Stone Soup version 0.29.0-13-gc9e81de378 (webtiles) character file.

Game seed: 15544326116527533870

24172 iguanaiguana the Severer (level 12, -5/103 HPs)
             Began as a Minotaur Fighter on Sept 7, 2022.
             Was an Elder of Qazlal.
             Killed by an exploding water moccasin (39 damage)
             ... ignited by their inner flame
             ... on level 5 of the Lair of Beasts.
             The game lasted 00:21:54 (17655 turns).

iguanaiguana the Severer (Minotaur Fighter)        Turns: 17655, Time: 00:21:55

Health: -5/103     AC: 23    Str: 23    XL:     12   Next: 78%
Magic:  21/21      EV:  7    Int:  4    God:    Qazlal [****..]
Gold:   1642       SH:  5    Dex: 16    Spells: 11/11 levels left

rFire   . . .      SeeInvis .   a - +5 lochaber axe {reach-cleave, poleaxe}
rCold   . . .      Faith    .   (shield currently unavailable)
rNeg    . . .      Spirit   .   V - +0 plate armour
rPois   .          Reflect  .   M - +2 hat
rElec   .          Harm     .   D - +0 cloak
rCorr   .          Rampage  .   B - +1 pair of gloves
Will    .....                   (no boots)
Stlth   ..........              (no amulet)
HPRegen 0.27/turn               m - +4 ring of slaying
MPRegen 0.17/turn               t - +4 ring of protection

@: lethally poisoned (-5 -> -12), repel missiles
A: horns 2, retaliatory headbutt, talons 1, agile 1, high MP 1
a: Renounce Religion, Upheaval, Elemental Force


You were on level 5 of the Lair of Beasts.
You worshipped Qazlal.
Qazlal was greatly pleased with you.
You visited 3 branches of the dungeon, and saw 16 of its levels.
You also visited: Ossuary.

You collected 1834 gold pieces.
You spent 192 gold pieces at shops.

Inventory:

Hand Weapons
 a - the +5 lochaber axe (weapon) {reach-cleave, poleaxe}
   (You found it on level 2 of the Dungeon)

   It can be evoked to extend its reach, and strikes at all foes within reach,
   dealing less damage to those not targeted.
   It uses either Axes or Polearms skill, whichever is higher.
 b - a +4 spectral trident
Missiles
 f - a throwing net
 p - 14 poisoned darts (quivered)
 x - 3 atropa-tipped darts
 y - 8 boomerangs
 z - 5 javelins
 K - 3 curare-tipped darts
Armour
 B - a +1 pair of gloves (worn)
 D - a +0 cloak (worn)
 M - a +2 hat (worn)
 V - a +0 plate armour (worn)
Jewellery
 j - a ring of protection from fire
 m - a +4 ring of slaying (left hand)
 s - a +4 ring of protection
 t - a +4 ring of protection (right hand)
 H - a ring of fire
Wands
 C - a wand of flame (23)
 E - a wand of polymorph (11)
 F - a wand of iceblast (18) {@v2}
 N - a wand of paralysis (18)
Scrolls
 c - 3 scrolls of silence
 e - a scroll of brand weapon
 g - a scroll of immolation
 k - 6 scrolls of identify {@r1}
 o - 4 scrolls of teleportation {@r3}
 u - a scroll of noise
 w - 2 scrolls of blinking {@r4}
 A - 3 scrolls of poison
 I - 3 scrolls of fog
 J - a scroll of magic mapping {unknown}
 L - a scroll of acquirement
 O - a scroll of enchant armour
 R - a scroll of vulnerability
 S - 2 scrolls of amnesia
Potions
 d - 4 potions of might {@q3}
 h - 6 potions of flight
 i - 2 potions of curing {@q1}
 l - 2 potions of brilliance {unknown}
 n - 3 potions of haste {@q4}
 r - 3 potions of ambrosia
 v - a potion of berserk rage
 G - 4 potions of mutation
 P - 2 potions of attraction
 T - a potion of lignification {unknown}
 U - a potion of magic {unknown}


   Skills:
 + Level 8.7 Fighting
 + Level 16.3 Axes
 + Level 6.1 Throwing
 + Level 8.6 Armour
 - Level 4.1 Shields
 * Level 11.1 Invocations
 + Level 5.5 Evocations


You had 11 spell levels left.
You didn't know any spells.
Your spell library contained the following spells:

 Spells                   Type           Power      Damage    Failure   Level
 Necrotise                Necr           0%         1d4       100%        1
 Vampiric Draining        Necr           0%         2d6       100%        3
 Agony                    Necr           0%         N/A       100%        5


Dungeon Overview and Level Annotations

Branches:
Dungeon (10/15) Zot: 23926  Temple (1/1) D:5 Zot: 5916    Lair (5/5) D:9 Zot: 23171
 Shoals (0/4) Lair:2       Spider (0/4) Lair:3        Slime (0/5) Lair:4
Ossuary (visited)
    Orc: D:9-12

Altars:
Ashenzari
Cheibriados
Dithmenos
Elyvilon
Fedhas
Gozag
Hepliaklqana
Kikubaaqudgha
Makhleb
Nemelex Xobeh
Qazlal
Ru
Sif Muna
Trog
Uskayaw
Vehumet
Wu Jian
Yredelemnul
Zin
The Shining One
Jiyva

Shops:
D:2 !   D:5 ![?!   D:6 [

Annotations:
D:1 1 transporter
D:8 exclusion: 2 electric eels


Innate Abilities, Weirdness & Mutations

You have a pair of horns on your head.
You reflexively headbutt those who attack you in melee.
You have sharp toenails.
You are agile. (Dex +4, Str/Int -1)
You have an increased reservoir of magic. (+10% MP)


Message History

Flame seeps out of the water moccasin.
The water moccasin is severely wounded.
The fiery explosion engulfs the elephant!!
Flame seeps out of the elephant.
The elephant is moderately wounded.
The fiery explosion engulfs you!!
* * * LOW HITPOINT WARNING * * *
You hear a sizzling sound!
You feel very sick.
You hear a deafening roar!
You hear a bellow!
You hear an angry growl.
You hear a bellow! x2; You hear a deafening roar! x3
The water moccasin is engulfed in blazing flames.
Flame seeps out of the water moccasin.
The elephant is engulfed in blazing flames.
Flame seeps out of the elephant.
The elephant tramples you!
* * * LOW HITPOINT WARNING * * *
You hold your ground!
* * * LOW HITPOINT WARNING * * *
The elephant is engulfed in blazing flames.
Flame seeps out of the elephant.
The elephant tramples you!
* * * LOW HITPOINT WARNING * * *
You hold your ground!
The elephant is engulfed in blazing flames.
Flame seeps out of the elephant.
The elephant is engulfed in blazing flames.
Flame seeps out of the elephant.
You are too injured to fight recklessly!
You are too injured to fight recklessly!
You are too injured to fight recklessly!
You are too injured to fight recklessly!
You are too injured to fight recklessly!
You feel much better.
The water moccasin is engulfed in blazing flames.
The water moccasin explodes!
The fiery explosion engulfs the elephant.
Flame seeps out of the elephant.
The elephant is severely wounded.
The fiery explosion engulfs the elephant!!!
The fiery explosion engulfs you!!!
You die...

$.#P#.#P#...##...
.....#.[....#P...
...........PP...
. #..........P...
..##.............
.................
.......°YY.☼.#...
.......°Y@§t.....
.......§§§°......
.......§§§○...#..
........H..P###
.........####
..P.......
.........^
..~~.~~~~..


You could see an alligator (inner flame), 3 elephants and a harpy (inner flame).

Vanquished Creatures
  4 hydras
  A centaur warrior (D:10)
  A catoblepas (Lair:3)
  A two-headed ogre (D:9)
  An ogre mage (D:10)
  A wolf spider (Lair:3)
  Pikel (D:8)
  A cyclops (D:9)
  An elephant (Lair:5)
  3 black mambas
  5 cane toads
  A rime drake (Lair:3)
  7 komodo dragons
  2 hornets
  12 blink frogs
  4 polar bears
  A wraith (D:10)
  14 yaks
  5 wyverns
  9 basilisks
  An unseen horror simulacrum (D:8)
  4 steam dragons
  8 water moccasins
  A sky beast (D:7)
  5 ice beasts
  An orc warrior (D:9)
  2 black bears
  14 wolves
  6 centaurs
  A kobold brigand (D:8)
  2 lemures
  13 bullfrogs
  A necrophage (D:6)
  A gnoll sergeant (D:9)
  A scorpion (D:6)
  4 wights (D:8)
  3 killer bees (D:8)
  3 electric eels (Lair:3)
  3 hounds
  A jelly (D:6)
  A wyvern simulacrum (D:8)
  A gnoll bouda (D:6)
  5 iguanas
  7 orc wizards
  A centaur simulacrum (D:8)
  8 mummies (Ossuary)
  11 gnolls
  A river rat (D:3)
  7 adders
  A shadow imp (D:5)
  8 white imps
  4 ufetubi
  2 worms
  3 dart slugs
  20 orcs
  5 bats
  4 endoplasms
  2 giant cockroaches
  3 gnoll zombies (Ossuary)
  10 goblins
  10 hobgoblins
  3 jackals (D:3)
  5 quokkas
  7 ball pythons
  4 frilled lizards
  A hobgoblin zombie (Ossuary)
  5 kobolds
  3 kobold zombies (Ossuary)
  An orc zombie (Ossuary)
  6 rats
  A butterfly (Lair:2)
300 creatures vanquished.

Vanquished Creatures (others)
  20 fungi
  42 plants
62 creatures vanquished.

Grand Total: 362 creatures vanquished

Notes
Turn   | Place    | Note
-------+----------+-------------------------------------------
     0 | D:1      | iguanaiguana the Minotaur Fighter began the quest for the
                  | Orb.
     0 | D:1      | Reached XP level 1. HP: 19/19 MP: 0/0
   167 | D:1      | Reached XP level 2. HP: 27/27 MP: 1/1
   267 | D:1      | Noticed a shining eye
   269 | D:1      | Found a faded altar of an unknown god.
   271 | D:1      | Noticed a floating eye
   275 | D:1      | Reached skill level 3 in Axes
   277 | D:1      | Noticed a shining eye
   280 | D:1      | Noticed a floating eye
   729 | D:1      | Reached XP level 3. HP: 33/33 MP: 2/2
   953 | D:2      | Found Aqeodol's Distillery.
  1156 | D:2      | Found the +5 lochaber axe {reach-cleave, poleaxe}
  1696 | D:3      | Reached skill level 4 in Axes
  1696 | D:3      | Reached XP level 4. HP: 40/40 MP: 3/3
  2190 | D:3      | Noticed a centaur
  2196 | D:3      | Killed a centaur
  2197 | D:3      | Reached skill level 5 in Axes
  2197 | D:3      | Reached XP level 5. HP: 28/46 MP: 4/4
  2376 | D:3      | Reached skill level 6 in Axes
  2541 | D:4      | Reached XP level 6. HP: 32/52 MP: 5/5
  2681 | D:4      | Reached skill level 7 in Axes
  2815 | D:4      | Identified the +8 short sword of Mutilation {vorpal, rF+}
  3129 | D:5      | Entered Level 5 of the Dungeon
  3183 | D:5      | Reached skill level 8 in Axes
  3266 | D:5      | Found Tival's Antique Armour Shoppe.
  3268 | D:5      | Found Quefram's Distillery.
  3269 | D:5      | Found Cucifre's Distillery.
  3290 | D:5      | Found Zeigh's Magic Scroll Shoppe.
  3295 | D:5      | Bought a scroll of identify for 22 gold pieces
  3303 | D:5      | Bought a potion of heal wounds for 70 gold pieces
  3388 | D:5      | Noticed an ice beast
  3393 | D:5      | Killed an ice beast
  3394 | D:5      | Reached XP level 7. HP: 47/59 MP: 6/6
  3463 | D:5      | Found a sand-covered staircase.
  3496 | D:5      | Found a staircase to the Ecumenical Temple.
  3565 | Temple   | Entered the Ecumenical Temple
  3631 | Temple   | Became a worshipper of Qazlal Stormbringer
  3714 | D:5      | Reached skill level 9 in Axes
  3790 | Ossuary  | Entered an ossuary
  4115 | D:5      | Found a sparkling altar of Nemelex Xobeh.
  4222 | D:6      | Reached * piety under Qazlal
  4223 | D:6      | Reached skill level 10 in Axes
  4590 | D:6      | Reached XP level 8. HP: 53/65 MP: 7/7
  4593 | D:6      | Reached skill level 11 in Axes
  4859 | D:6      | Found Uwub's Antique Armour Emporium.
  5117 | D:6      | Bought a hat for 100 gold pieces
  5316 | D:7      | Reached skill level 12 in Axes
  5957 | D:7      | Reached skill level 13 in Axes
  6851 | D:8      | Reached XP level 9. HP: 61/71 MP: 8/8
  6858 | D:8      | Reached skill level 1 in Invocations
  7216 | D:8      | Reached ** piety under Qazlal
  7510 | D:8      | Reached skill level 14 in Axes
  7645 | D:8      | Reached skill level 5 in Invocations
  7855 | D:8      | You fall into a shaft and drop 2 floors!
  7855 | D:10     | Entered Level 10 of the Dungeon
  8091 | D:9      | Noticed Pikel
  8150 | D:8      | Killed Pikel
  8230 | D:9      | Noticed a two-headed ogre
  8413 | D:9      | Identified the +0 ring mail of Lifelessness {rC+ Regen+
                  | Str+2 Slay-4}
  8419 | D:9      | Reached XP level 10. HP: 66/78 MP: 12/14
  8518 | D:9      | Killed a two-headed ogre
  8519 | D:9      | Reached skill level 1 in Throwing
  8536 | D:9      | Reached skill level 1 in Evocations
  8761 | D:9      | Reached skill level 5 in Armour
  8763 | D:9      | Reached skill level 5 in Fighting
  8968 | D:9      | Noticed a cyclops
  8982 | D:9      | Killed a cyclops
  9226 | D:9      | Reached skill level 15 in Axes
 10089 | D:9      | Found a staircase to the Lair.
 10589 | D:10     | Noticed a centaur warrior
 10591 | D:10     | Noticed an ogre mage
 10593 | D:10     | Killed a centaur warrior
 10593 | D:10     | Reached *** piety under Qazlal
 10594 | D:10     | Reached XP level 11. HP: 42/89 MP: 16/16
 10596 | D:10     | Killed an ogre mage
 10844 | D:9      | Identified a scroll of acquirement
 10845 | D:9      | Acquired 752 gold pieces
 10900 | Lair:1   | Entered Level 1 of the Lair of Beasts
 11197 | Lair:1   | You fall into a shaft and drop 1 floor!
 11227 | Lair:2   | Gained mutation: You are agile. (Dex +4, Str/Int -1)
                  | [potion of mutation]
 11227 | Lair:2   | Gained mutation: You have sharp toenails. [potion of
                  | mutation]
 11227 | Lair:2   | Gained mutation: You have an increased reservoir of magic.
                  | (+10% MP) [potion of mutation]
 11297 | Lair:2   | Paralysed by a centaur for 2 turns
 11751 | Lair:1   | Noticed an eight-headed hydra
 11762 | Lair:1   | Killed a ten-headed hydra
 12816 | Lair:2   | Found a staircase to the Shoals.
 13378 | Lair:3   | Noticed a six-headed hydra
 13694 | Lair:2   | Killed a six-headed hydra
 13695 | Lair:2   | Reached skill level 5 in Throwing
 13695 | Lair:2   | Reached XP level 12. HP: 88/100 MP: 20/20
 13873 | Lair:2   | Found a staircase to the Shoals.
 14203 | Lair:3   | Found a hole to the Spider Nest.
 14224 | Lair:3   | Reached skill level 10 in Invocations
 14825 | Lair:3   | Noticed a catoblepas
 14832 | Lair:3   | Killed a catoblepas
 15310 | Lair:3   | Reached skill level 16 in Axes
 15413 | Lair:3   | Noticed an eight-headed hydra
 15420 | Lair:3   | Killed an eight-headed hydra
 15421 | Lair:3   | Reached skill level 5 in Evocations
 16281 | Lair:4   | Noticed a four-headed hydra
 16320 | Lair:4   | Reached **** piety under Qazlal
 16335 | Lair:4   | Killed a four-headed hydra
 16664 | Lair:4   | Found a viscous altar of Jiyva.
 16664 | Lair:4   | Found a staircase to the Slime Pits.
 17207 | Lair:5   | Entered Level 5 of the Lair of Beasts
 17216 | Lair:5   | Noticed an alligator
 17655 | Lair:5   | Killed by an exploding water moccasin... ignited by their
                  | inner flame

Illustrated notes

Levels and vault maps discovered:
D:1:      spicycebolla_arrival_risky_transporter, layout_basic,
          hellmonk_ecumenical_altar_watching_god
D:2:      layout_loops_cross, serial_shops, nicolae_diamond_shop
D:3:      layout_basic, gup_sewer_entry_bubbles
D:4:      layout_rooms, serial_curves, eino_curves_01, eino_curves_01
D:5:      layout_basic, mainiacjoe_overflow_alcove_2, minmay_temple_entry_hall,
          enter_ossuary_1, minmay_statues_item, minmay_shop_grid_forest,
          due_unseen_surprise
D:6:      layout_basic, serial_shops, shop
D:7:      layout_layer_cave, grunt_ministairs_13
D:8:      layout_cave_pools, serial_ice, serial_ice_n, serial_ice_c,
          serial_ice_h, serial_ice_i, serial_ice_f, serial_ice_o,
          kennysheep_generic_room_10
D:9:      layout_loops_ring, erik_lair_dragon, uniq_pikel
D:10:     minmay_tri_box, layout_rooms, dreamdust_gnoll_shepherd
Temple:   grunt_wide_crystal_templ
Lair:1:   layout_roguey, infiniplex_staircase_pool_2, serial_bayou_shore_a,
          lemuel_fruit_tree, lemuel_fruit_fields
Lair:2:   layout_misc_corridors, minmay_shoals_entry_centaurs,
          lemuel_fruit_fields
Lair:3:   layout_regular_city, spider_nest_entry_rubble,
          nicolae_quartered_pool_super, kennysheep_basilisk_garden
Lair:4:   statuecave_lemuel, layout_cave_pods, dpeg_slime_entry_corner
Lair:5:   gammafunk_lair_ancient_temple, layout_misc_corridors,
          hangedman_lair_generics_rect, uniq_sonja

Skill      XL: |  1  2  3  4  5  6  7  8  9 10 11 12 |
---------------+-------------------------------------+-----
Axes           | 3 4 5 6 8 10 13 14 15 16 | 16.3
Fighting       | 4 6 7 8 |  8.7
Armour         | 4 5 7 8 |  8.6
Shields        | 4 |  4.1
Invocations    | 6 8 9 11 | 11.1
Throwing       | 3 5 6 |  6.1
Evocations     | 2 4 5 |  5.5

Action                   |  1- 3 |  4- 6 |  7- 9 | 10-12 || total
-------------------------+-------+-------+-------+-------++-------
Melee: War axe           |    57 |       |       |       ||    57
       Headbutt          |    12 |    11 |    22 |    44 ||    89
       Trident           |    23 |       |       |    15 ||    38
       Lochaber axe      |    11 |    85 |   181 |   299 ||   576
       Kick              |       |       |       |    51 ||    51
Throw: Dart              |       |       |       |     1 ||     1
       Boomerang         |       |       |       |     7 ||     7
Evoke: Wand              |       |       |       |     7 ||     7
  Use: Scroll            |       |     5 |     1 |    23 ||    29
       Potion            |       |       |     4 |    11 ||    15
 Stab: Distracted        |       |       |       |     1 ||     1
Armor: Scale mail        |    51 |    18 |    87 |       ||   156
       Chain mail        |       |    19 |    27 |       ||    46
       Plate armour      |       |       |       |   256 ||   256
Dodge: Dodged            |    49 |    41 |   106 |    93 ||   289
Block: Buckler           |    16 |       |       |       ||    16
       Other             |       |       |    20 |    48 ||    68
